 Dungeon Crawl Stone Soup version 0.28.0-1-gb440e238dd (webtiles) character file.

Game seed: 6804435658573892061

1 pkoi the Conjurer (level 1, 0/14 HPs)
             Began as a Draconian Conjurer on Feb 24, 2022.
             Slain by a gnoll (3 damage)
             ... on level 1 of the Dungeon.
             The game lasted 00:00:20 (99 turns).

pkoi the Conjurer (Draconian Conjurer)                Turns: 99, Time: 00:00:21

Health: 0/14       AC:  4    Str:  9    XL:     1   Next: 16%
Magic:  0/3        EV: 12    Int: 18    God:
Gold:   13         SH:  0    Dex:  9    Spells: 3/4 levels left

rFire   . . .      SeeInvis .   c - +0 spear
rCold   . . .      Faith    .   (no shield)
rNeg    . . .      Spirit   .   (armour unavailable)
rPois   .          Reflect  .   (helmet restricted)
rElec   .          Harm     .   (no cloak)
rCorr   .          Rampage  .   (no gloves)
Will    .....                   (no boots)
Stlth   ++........              (no amulet)
HPRegen 0.04/turn               (no ring)
MPRegen 0.08/turn               (no ring)

@: no status effects
A: AC +4, unfitting armour, cold-blooded
a: no special abilities


You were on level 1 of the Dungeon.
You visited 1 branch of the dungeon, and saw 1 of its levels.

You collected 13 gold pieces.

Inventory:

Hand Weapons
 c - a +0 spear (weapon)
Potions
 a - a potion of attraction {unknown}
 b - a potion of heal wounds {unknown}


   Skills:
 - Level 1.7 Dodging
 - Level 1.7 Stealth
 - Level 2.0 Spellcasting
 + Level 4.0 Conjurations


You had 3 spell levels left.
You knew the following spells:

 Your Spells              Type           Power      Damage    Failure   Level
a - Magic Dart            Conj           64%        1d6       3%          1

Your spell library contained the following spells:

 Spells                   Type           Power      Damage    Failure   Level
 Searing Ray              Conj           32%        2d5       5%          2
 Dazzling Flash           Conj/Hex       18%        N/A       24%         3
 Fulminant Prism          Conj/Hex       4%         3d6       61%         4
 Iskenderun's Mystic Bla  Conj/Tloc      9%         2d4       61%         4


Dungeon Overview and Level Annotations

Branches:
Dungeon (1/15)

Altars:


Innate Abilities, Weirdness & Mutations

Your plain brown scales are hard. (AC +4)
You cannot fit into any form of body armour.
You are cold-blooded and may be slowed by cold attacks.


Message History

The magic dart hits the gnoll.
The gnoll is moderately wounded.
The magic dart hits the gnoll.
The gnoll is heavily wounded.
You are too depleted to draw on your mana recklessly!
You are too depleted to draw on your mana recklessly!
You see here a +0 spear.
c - a +0 spear The gnoll barely misses you.
c - a +0 spear (weapon)
The gnoll barely misses you.
You don't have enough magic to cast this spell.
Reach: c) +0 spear
Press: ? - help, Dir - move target, f/p - gnoll
Aim: a gnoll, wielding a +0 spear (heavily wounded, about 40% to evade your +0 spear)
You reach to attack!
You hit the gnoll.
The gnoll is heavily wounded.
The gnoll barely misses you.
Reach: c) +0 spear
Press: ? - help, Dir - move target, f/p - gnoll
Aim: a gnoll, wielding a +0 spear (heavily wounded, about 40% to evade your +0 spear)
You reach to attack!
You hit the gnoll.
The gnoll is severely wounded.
The gnoll hits you from afar with a +0 spear.
* * * LOW HITPOINT WARNING * * *
The gnoll hits you from afar with a +0 spear!
Ouch! That really hurt!
* * * LOW HITPOINT WARNING * * *
Aiming: Magic Dart (safe; 3% risk of failure)
Press: ? - help, Q - select action Shift-Dir - straight line, f/p - gnoll
Aim: a gnoll, wielding a +0 spear (severely wounded, 100% to hit)
The magic dart hits the gnoll but does no damage.
The gnoll is severely wounded.
The gnoll barely misses you.
A giant cockroach comes into view.
A goblin comes into view. It is wielding a +0 dagger.
The goblin shouts!
The gnoll hits you but does no damage.
The gnoll hits you from afar with a +0 spear.
You die...

...######[..##.##..#
##>......##.#.....#
......##..........#
#.....#####.......#
#..>...# #.......# #
#......#####......# ..#
..........##..g...##...#
#.....###..............#
#.....# #####...@.##..
......# ##.#B## .
#.....# #.#.# #.....#
..... ####### .......
.....g... #..........
#..........#


You could see a gnoll, a giant cockroach and a goblin.

Vanquished Creatures
  An endoplasm (D:1)
1 creature vanquished.

Notes
Turn   | Place    | Note
-------+----------+-------------------------------------------
     0 | D:1      | pkoi the Draconian Conjurer began the quest for the Orb.
     0 | D:1      | Reached XP level 1. HP: 14/14 MP: 3/3
    99 | D:1      | Slain by a gnoll

Illustrated notes

Levels and vault maps discovered:
D:1:      saegor_arrival_under_anarchy, layout_rooms,
          shapermc_ecumenical_altar_totnotflames, minmay_surrounded

Action                   || total
-------------------------++-------
Melee: Spear             ||     2
 Cast: Magic Dart        ||     6
Armor: Skin              ||     1
Dodge: Dodged            ||     4
